 Dungeon Crawl Stone Soup version 0.23.2-40-g277498a001 (webtiles) character file.

Game seed: 2477852108025860981

3348 topoljM the Cleaver (level 9, -7/127 HPs)
             Began as a Minotaur Berserker on Oct 5, 2019.
             Was an Elder of Trog.
             Mangled by a hornet (12 damage)
             ... on level 8 of the Dungeon on Oct 11, 2019.
             The game lasted 01:09:58 (8148 turns).

topoljM the Cleaver (Minotaur Berserker)            Turns: 8148, Time: 01:09:59

Health: -7/127     AC: 11    Str: 30    XL:     9   Next: 72%
Magic:  8/8        EV: 11    Int:  4    God:    Trog [****..]
Gold:   439        SH:  0    Dex: 10    Spells: 8/8 levels left

rFire    . . .     SeeInvis .   A - +4 great sword
rCold    + . .     Gourm    .   (shield currently unavailable)
rNeg     . . .     Faith    .   y - +0 chain mail
rPois    .         Spirit   .   (helmet restricted)
rElec    .         Reflect  .   d - +0 cloak
rCorr    .         Harm     .   (no gloves)
MR       +....                  (no boots)
Stlth    ..........             (no amulet)
HPRegen  0.31/turn              r - ring of protection from cold
MPRegen  0.11/turn              E - ring of protection from magic

@: berserking (expiring), lethally poisoned (-7 -> -7), slowed
A: retaliatory headbutt, horns 2
a: Berserk, Trog's Hand, Brothers in Arms, Renounce Religion


You were on level 8 of the Dungeon.
You worshipped Trog.
Trog was greatly pleased with you.
You were not hungry.

You visited 1 branch of the dungeon, and saw 9 of its levels.

You collected 439 gold pieces.

Inventory:

Hand Weapons
 a - a +0 hand axe
 b - a +0 hand axe of flaming
 l - a +0 war axe
 A - a +4 great sword (weapon)
 B - a +0 rapier
Missiles
 h - 165 stones (quivered)
 q - a throwing net
Armour
 d - a +0 cloak (worn)
 y - a +0 chain mail (worn)
Jewellery
 r - a ring of protection from cold (left hand)
 v - an uncursed ring of positive energy
 E - a ring of protection from magic (right hand)
Wands
 t - a wand of disintegration (13)
 w - a wand of iceblast (13)
Scrolls
 g - 7 scrolls of teleportation
 i - 3 scrolls of remove curse
 k - 4 scrolls of amnesia {unknown}
 n - a scroll of magic mapping {unknown}
 s - 2 scrolls of blinking {unknown}
 z - 2 scrolls of enchant weapon {unknown}
 C - a scroll of fear {unknown}
 D - a scroll of enchant armour {unknown}
Potions
 e - 2 potions of agility
 f - a potion of haste
 j - 2 potions of berserk rage
 m - 3 potions of flight
 o - 4 potions of lignification
 p - a potion of ambrosia
 u - a potion of invisibility {unknown}
 x - a potion of degeneration {unknown}
 F - 2 potions of heal wounds
 G - 2 potions of cancellation {unknown}
Comestibles
 c - 7 rations


   Skills:
 * Level 9.7 Fighting
 + Level 11.2 Axes
 - Level 0.6 Throwing
 - Level 6.9 Armour
 + Level 4.8 Dodging
 + Level 2.0 Stealth


You had 8 spell levels left.
You didn't know any spells.
Your spell library was empty.

Dungeon Overview and Level Annotations

Branches:
Dungeon (9/15)             Temple (0/1) D:7
   Lair: D:8-11         Orc: D:9-12

Altars:
Fedhas
Makhleb

Shops:
D:9 :


Innate Abilities, Weirdness & Mutations

You reflexively headbutt those who attack you in melee.
You have a pair of horns on your head.


Message History

You feel as though you will be slow longer.
You can move again.
You are too berserk!
You are too berserk!
Unknown command.
You are too injured to fight recklessly!
You closely miss the hornet. Your headbutt misses the hornet.
The hornet is lightly wounded.
The hornet stings you!
* * * LOW HITPOINT WARNING * * *
You feel as though you will be slow longer.
The hornet stings you but does no damage.
You feel sick. The hornet barely misses you.
You riposte.
You slash the hornet! Your headbutt misses the hornet.
The hornet is heavily wounded.
You closely miss the hornet. You headbutt the hornet.
The hornet is severely wounded.
The hornet stings you but does no damage.
The hornet stings you!
You die...

## .... #.# ## #...
##†#.# ... #...
#.#.# .... #..##
#y#.#
...##...###@### .
#.........#..# ..
##..........##
......#........####
.............>##
............###
≈.....[...<.##
.≈.......##..#
≈............#


You could see a hornet.

Vanquished Creatures
  Pikel (D:5)
  Sigmund (D:3)
  2 sky beasts (D:7)
  2 ice beasts (D:7)
  2 orc warriors (D:6)
  A black bear (D:6)
  3 ogres
  3 centaurs
  A bullfrog (D:7)
  2 scorpions
  6 killer bees (D:8)
  4 wights (D:8)
  A howler monkey (D:5)
  5 crimson imps
  A bullfrog zombie (D:6)
  A hound (D:4)
  3 jellies
  3 orc priests
  5 orc wizards
  Crazy Yiuf (D:2)
  6 worker ants
  A howler monkey zombie (D:6)
  4 gnolls (D:7)
  3 adders
  2 shadow imps
  An ooze (D:7)
  4 worms
  2 dart slugs
  8 leopard geckos
  27 orcs
  7 giant cockroaches
  9 goblins
  9 hobgoblins
  15 jackals
  6 quokkas
  A ball python (D:3)
  6 bats
  4 frilled lizards
  9 kobolds
  A leopard gecko skeleton (D:8)
  7 rats
180 creatures vanquished.

Vanquished Creatures (others)
  An iguana (D:5)
1 creature vanquished.

Grand Total: 181 creatures vanquished

Notes
Turn   | Place    | Note
-------+----------+-------------------------------------------
     0 | D:1      | topoljM the Minotaur Berserker began the quest for the Orb.
     0 | D:1      | Reached XP level 1. HP: 19/19 MP: 0/0
   177 | D:1      | Reached XP level 2. HP: 13/27 MP: 1/1
   722 | D:1      | Reached skill level 4 in Axes
  1151 | D:1      | Reached XP level 3. HP: 34/34 MP: 2/2
  1524 | D:2      | Reached ** piety under Trog
  1941 | D:2      | Found a runed translucent door.
  1942 | D:2      | Noticed Crazy Yiuf
  2328 | D:2      | Killed Crazy Yiuf
  2328 | D:2      | Reached XP level 4. HP: 32/41 MP: 3/3
  2573 | D:3      | Noticed an ogre
  2582 | D:3      | Killed an ogre
  2582 | D:3      | Reached skill level 5 in Axes
  2582 | D:3      | Reached XP level 5. HP: 38/47 MP: 4/4
  2714 | D:3      | Noticed Sigmund
  3187 | D:3      | Reached *** piety under Trog
  3395 | D:3      | Killed Sigmund
  3395 | D:3      | Reached skill level 5 in Fighting
  3395 | D:3      | Reached skill level 5 in Armour
  3395 | D:3      | Reached XP level 6. HP: 56/56 MP: 5/5
  3905 | D:4      | Reached skill level 6 in Axes
  3913 | D:4      | Reached XP level 7. HP: 55/61 MP: 6/6
  4628 | D:5      | Entered Level 5 of the Dungeon
  4778 | D:5      | Noticed Pikel
  4790 | D:5      | Killed Pikel
  4790 | D:5      | Reached skill level 7 in Axes
  4790 | D:5      | Reached skill level 1 in Stealth
  4790 | D:5      | Reached XP level 8. HP: 71/71 MP: 7/7
  4945 | D:5      | Found a blossoming altar of Fedhas.
  5161 | D:5      | Reached skill level 8 in Axes
  5724 | D:6      | Reached **** piety under Trog
  5919 | D:6      | Reached skill level 9 in Axes
  6146 | D:6      | Reached XP level 9. HP: 46/81 MP: 8/8
  6493 | D:7      | Found a staircase to the Ecumenical Temple.
  6581 | D:7      | Reached skill level 10 in Axes
  6664 | D:7      | Found a burning altar of Makhleb.
  6664 | D:7      | Noticed a blizzard demon
  6668 | D:7      | Noticed a smoke demon
  6668 | D:7      | Noticed an orange demon
  7545 | D:8      | HP: 4/83 [acid (5)]
  8040 | D:8      | Reached skill level 11 in Axes
  8097 | D:9      | Found Xudibbyupe's Book Shop.
  8139 | D:8      | Paralysed by a hornet for 3 turns
  8145 | D:8      | Paralysed by a hornet for 1 turns
  8146 | D:8      | HP: 5/127 [hornet (7)]
  8148 | D:8      | Mangled by a hornet

Skill      XL: |  1  2  3  4  5  6  7  8  9 |
---------------+----------------------------+-----
Fighting       | 4 5 6 7 9 |  9.7
Axes           | 4 5 6 7 9 11 | 11.2
Armour         | 3 4 5 6 |  6.9
Dodging        | 3 4 |  4.8
Stealth        | 1 2 |  2.0
Throwing       | |  0.6

Action                   |  1- 3 |  4- 6 |  7- 9 || total
-------------------------+-------+-------+-------++-------
Melee: Hand axe          |   118 |    82 |   276 ||   476
       Headbutt          |    22 |    17 |    58 ||    97
       Great sword       |       |       |     5 ||     5
Throw: Stone             |     6 |       |    24 ||    30
Invok: Berserk           |       |     3 |     7 ||    10
       Brothers in Arms  |       |       |     1 ||     1
  Use: Scroll            |       |     4 |     5 ||     9
       Potion            |       |       |     2 ||     2
  Eat: Chunk             |     2 |     2 |    12 ||    16
       Ration            |     1 |     1 |     3 ||     5
Armor: Ring mail         |    38 |     8 |       ||    46
       Chain mail        |       |    15 |   144 ||   159
Dodge: Dodged            |    71 |    34 |   121 ||   226
       Rpst.: Great sword |       |       |     2 ||     2
